[Event "Leca Open 2022"]
[Site "Leca da Palmeira"]
[Date "2022.08.04"]
[Round "7.1"]
[White "Nigmatov, Ortik"]
[Black "Krishna C R G"]
[Result "1/2-1/2"]
[ECO "C11"]
[WhiteElo "2437"]
[BlackElo "2430"]
[Annotator "TA"]
[PlyCount "151"]
[EventDate "2022.08.02"]
[EventType "swiss"]
[EventCountry "POR"]
[SourceTitle "playchess.com"]
[Source "ChessBase"]
[SourceQuality "1"]
[TimeControl "5400+30"]

1. e4 e6 2. d4 d5 3. Nc3 Nf6 4. e5 Nfd7 5. f4 c5 6. Nf3 Nc6 7. Be3 Be7 8. Qd2 O-O 9. a3 {[%emt 0:07:56] C11: French: Classical System: 4 e5 and 4 Bg5 dxe4.} Qa5 {[%emt 0:04:22] 9...a6 is the modern continuation.} 10. dxc5 Bxc5 11. Bxc5 {[%emt 0:06:53] White has an edge.} Nxc5 12. O-O-O Rd8 (12... Bd7 $11) 13. Nb5 Qxd2+ {[%emt 0:13:35] [#]} (13... Qb6 $5 ) 14. Kxd2 $146 ({Predecessor:} 14. Rxd2 Ne4 15. Re2 Bd7 16. Nbd4 f6 {½-½ (16) Matsuura,E (2486)-Terry,R (2454) Praia da Pipa 2014}) 14... f6 15. Ke3 g5 16. g3 g4 17. Nfd4 fxe5 18. fxe5 Nxe5 19. b4 (19. Kf4 $2 Nf7 20. Re1 Ne4 21. Nxe6 Bxe6 $19) 19... Na4 20. Nc7 Rb8 {[%emt 0:00:34] And now ...Nb2 would win.} 21. Re1 Nc3 22. Bg2 (22. Kf4 $2 Ng6+ 23. Ke3 e5 $19) 22... Rd6 (22... Ne4 $11) 23. Kf2 $2 (23. Kd2 $14 {keeps the upper hand.} Ne4+ 24. Kc1 (24. Bxe4 dxe4 25. Rxe4 Ng6 $11)) 23... Nf3 (23... Nc4 $17 24. Ne8 Rb6 25. Nf6+ Kh8 26. Nxg4 Nxa3) 24. Bxf3 $11 (24. Nxf3 $2 gxf3 25. Bxf3 Bd7 $19) 24... gxf3 25. Kxf3 Ne4 26. Kf4 Bd7 (26... Rd8 $11 {remains equal.}) 27. Ke5 $16 Rb6 28. c4 ({Only move:} 28. Rxe4 $16 dxe4 29. c4) 28... Nf2 $11 29. c5 (29. cxd5 $2 exd5 30. Rhg1 (30. Nxd5 $2 Re8+ 31. Ne7+ Rxe7+ $19) 30... Nd3+ 31. Kxd5 Nxe1 32. Rxe1 Rc8 $19) 29... Ng4+ (29... Nd3+ $2 30. Kf6 Rc6 31. Nxc6 Bxc6 32. Re2 $18 (32. Kxe6 d4 $18)) 30. Kf4 e5+ 31. Rxe5 {[%emt 0:01:28] Active counter play!} Rf6+ 32. Rf5 $1 Bxf5 33. Nxd5 (33. Nxf5 $11 Rbf8 34. Kxg4 Rxf5 35. Rd1) 33... Bd7+ $17 34. Nxf6+ Nxf6 35. Ke5 Rf8 36. b5 Bh3 37. c6 bxc6 38. bxc6 $2 (38. Nxc6 $15 Rf7 39. Re1) 38... Ng4+ $19 39. Kd6 Nf2 40. Rb1 (40. Rg1 $17 {was the only defense.}) 40... Rd8+ 41. Ke5 Ng4+ 42. Ke4 Bg2+ (42... Nxh2 43. c7 Rc8 44. Rc1 $17) 43. Kf5 $2 (43. Kd3 Bxc6 44. h4) 43... Ne3+ $2 (43... Rxd4 $19 {and Black stays clearly on top.} 44. c7 Ne3+ 45. Ke6 Rc4) 44. Ke5 (44. Kf4 $17 {keeps fighting.} Re8 45. g4) 44... Nc4+ $1 45. Kf6 Nb6 (45... Nxa3 46. Rc1 $11) ({Inferior is} 45... Bxc6 46. Nxc6 Rd6+ 47. Kf5 Rxc6 48. Rb8+ Kf7 49. Rb7+ Ke8 50. Rxa7 $17) 46. Ne6 (46. Re1 $17) 46... Re8 {[%emt 0:00:22] aiming for ...Nd5+.} ({Stronger than} 46... Rc8 47. c7 $15) 47. c7 Bh3 48. Nf4 Bd7 49. Rc1 Kf8 (49... Bc8 $19 50. Kg5 Re5+ 51. Kh6 Nd7) 50. Rc5 {[%emt 0:00:13] [#]} Bc8 $1 51. Rc2 (51. Ra5 $17) 51... Nd7+ 52. Kg5 Re5+ 53. Kh6 {[%emt 0:00:24] [#]} Kg8 $2 (53... Ra5 $1 $19 54. Rf2 Kg8) 54. Rc6 $2 (54. Re2 $1 $15) 54... Rf5 {[%emt 0:00:49] ( -> ...Ne5)} 55. Rd6 Rf6+ (55... Ra5 $17 56. Ne6 Rxa3) 56. Rxf6 $11 Nxf6 57. h3 {[%emt 0:00:04] Prevents Ng4+.} Kh8 58. g4 Ng8+ 59. Kg5 Kg7 60. Nd5 Kf7 {[%emt 0:00:32] Strongly threatening ...Ke6.} 61. Nc3 $1 Ne7 ({Better is} 61... Ke8 $17 {Threatens to win with ...Kd7.} 62. Nb5 a5 63. Nd6+ Kd7 64. Nxc8 Kxc8) 62. Kh6 {[%emt 0:00:16] The position is equal.} Ke6 63. Kxh7 Kd7 $132 {[%emt 0:00:16][%mdl 2048] Black is not keeping still} 64. Nb5 Nc6 65. g5 {[%emt 0:01:12] Black must now prevent g6.} a6 66. Nc3 {[%emt 0:00:39] h4 is the strong threat.} Kxc7 67. h4 Kd6 68. g6 Ne7 69. h5 Bf5 70. Kg7 Nxg6 71. hxg6 {[%emt 0:00:30] Hoping for Kf6. KB-KN} Kc5 72. Kf6 Bxg6 $1 73. Kxg6 Kc4 74. Ne4 Kb3 75. Nc5+ Kxa3 76. Nxa6 {[%emt 0:00:03] Black had all chances to win.  Weighted Error Value: White=0.47/Black=0.46} 1/2-1/2

[Event "Leca Open 2022"]
[Site "Leca da Palmeira"]
[Date "2022.08.03"]
[Round "7.2"]
[White "Motylev, Alexander"]
[Black "Martinez Duany, Lelys Stanley"]
[Result "1/2-1/2"]
[ECO "B31"]
[WhiteElo "2632"]
[BlackElo "2497"]
[Annotator "TA"]
[PlyCount "48"]
[EventDate "2022.08.02"]
[EventType "swiss"]
[EventCountry "POR"]
[SourceTitle "playchess.com"]
[Source "ChessBase"]
[SourceQuality "1"]
[TimeControl "5400+30"]

1. e4 c5 2. Nf3 Nc6 3. Bb5 g6 4. O-O Bg7 5. Re1 Nf6 6. c3 O-O 7. d4 cxd4 8. cxd4 d5 9. e5 Ne4 {[%emt 0:00:09] The position is equal.} 10. Be3 {[%emt 0:10:16] B31: Sicilian: 2...Nc6 3 Bb5 g6.} Qb6 11. Bxc6 Qxc6 12. Nbd2 Bg4 {[%emt 0:03:32] [#]} 13. Qb3 $146 ({Predecessor:} 13. h3 Nxd2 14. hxg4 Nxf3+ 15. Qxf3 Rac8 16. Rac1 Qb5 17. b3 f6 18. exf6 Bxf6 19. Qh3 Rxc1 20. Rxc1 {1-0 (58) Grigoriants,S (2542)-Ismagambetov,A (2528) Chess.com INT 2020}) 13... Nxd2 14. Nxd2 Rfc8 15. Bg5 Qd7 16. h3 Be6 17. Rac1 h6 18. Be3 b6 (18... Bxe5 {looks sharper.} 19. dxe5 d4 20. Qd3 Rxc1 21. Rxc1 dxe3 22. Qxe3 Rc8) 19. Qa3 Bf8 20. Nf1 a5 21. Qb3 Qb7 22. Qd3 Qd7 23. Qb3 Qb7 24. Qd3 Qd7 {[%emt 0:00:07] An uneventful encounter.  Weighted Error Value: White=0.05 (flawless) /Black=0.03 (flawless)} 1/2-1/2

[Event "Leca Open 2022"]
[Site "Leca da Palmeira"]
[Date "2022.08.03"]
[Round "7.3"]
[White "Abdisalimov, Abdimalik"]
[Black "Perez Candelario, Manuel"]
[Result "0-1"]
[ECO "D35"]
[WhiteElo "2437"]
[BlackElo "2578"]
[Annotator "TA"]
[PlyCount "98"]
[EventDate "2022.08.02"]
[EventType "swiss"]
[EventCountry "POR"]
[SourceTitle "playchess.com"]
[Source "ChessBase"]
[SourceQuality "1"]
[TimeControl "5400+30"]

1. d4 {[%emt 0:00:47] Baburin,A} d5 2. c4 e6 3. Nc3 Nf6 4. cxd5 exd5 5. Bg5 Be7 6. e3 c6 7. Bd3 Nbd7 8. Qc2 Nh5 9. Bxe7 Qxe7 10. Nge2 Nb6 11. Rb1 {[%emt 0:05:55] [#] D36: Queen's Gambit Declined: Exchange Variation: Main line (5 Bg5 c6 6 Qc2).} Qg5 $146 ({Predecessor:} 11... g6 12. b4 a6 13. a4 O-O 14. a5 Nd7 15. Na4 f5 16. O-O Ndf6 17. Qc1 Be6 18. Bc2 Ne4 {0-1 (39) Bareev,E (2709)-Boensch,U (2547) Germany 2000 CBM 076 [Baburin,A]}) 12. Ng3 Nxg3 13. hxg3 {[%emt 0:01:49] The position is equal.} h5 14. b4 Bd7 15. a4 Kf8 16. a5 Nc4 17. Bxc4 dxc4 18. Qe2 (18. Ne2 $5 ) 18... Be6 19. Qf3 Re8 20. a6 Bg4 21. Qf4 Qxf4 22. gxf4 b5 23. e4 Rh6 24. f3 Bc8 25. Kf2 h4 26. Rhd1 Rd8 27. Ke3 f5 ({Don't play} 27... Bxa6 28. Ra1 Bc8 29. Rxa7 $16) 28. Rh1 Kf7 29. Ra1 fxe4 30. fxe4 Rg6 31. Ne2 {[%emt 0:00:03] Against Rg3+} Rxg2 {[%emt 0:00:15] [#] aiming for ...Bg4.} 32. Rxh4 Bg4 33. Ng1 c3 {[%emt 0:00:39] Hoping for ...c2.} 34. Rc1 c2 {[%emt 0:00:26] Strongly threatening ...Bd1.} 35. Rxg4 Rxg4 $11 {[%emt 0:00:04][%mdl 4096] Endgame KRR-KRN} 36. Ne2 {[%emt 0:00:10] [#]} Rh8 $1 37. Kf3 (37. d5 $17 cxd5 38. Rxc2) 37... Rg6 $19 38. Rxc2 (38. e5 {might work better.}) 38... Rh3+ 39. Kf2 Rh2+ 40. Kf3 Rh3+ (40... Ke8 $142 41. e5 Rgg2) 41. Kf2 Rb3 42. e5 Rxb4 (42... Rh6 $19 43. Kg2 Ke8) 43. Kf3 $2 {[%emt 0:00:38][%mdl 8192] Now White is beyond hope.} (43. d5 $17 {was the only defense.} cxd5 44. Rc7+ Kg8 45. Rxa7) 43... Rc4 44. Rd2 b4 45. f5 Rh6 {[%emt 0:00:06] Threatens to win with ...b3.} 46. e6+ Ke8 {[%emt 0:01:24] ...b3 is the strong threat.} 47. Nf4 Rh1 48. Ng6 $2 (48. f6 gxf6 49. Rg2 Rf1+ 50. Ke3 Re1+ 51. Kd2) 48... b3 49. Rb2 Rc2 {[%emt 0:00:37] Weighted Error Value: White=0.41/Black=0.20 (precise)} 0-1

[Event "Leca Open 2022"]
[Site "Leca da Palmeira"]
[Date "2022.08.03"]
[Round "7.4"]
[White "Spraggett, Kevin"]
[Black "Garcia Dorado, Alberto"]
[Result "1-0"]
[ECO "A06"]
[WhiteElo "2487"]
[BlackElo "2206"]
[Annotator "TA"]
[PlyCount "78"]
[EventDate "2022.08.02"]
[EventType "swiss"]
[EventCountry "POR"]
[SourceTitle "playchess.com"]
[Source "ChessBase"]
[SourceQuality "1"]
[TimeControl "5400+30"]

1. Nf3 d5 2. g3 Bg4 3. Bg2 Nd7 4. O-O Ngf6 5. b3 e6 6. Bb2 Bd6 7. Na3 c6 8. c4 O-O 9. Nc2 {A12: English Opening: 1...c6 with b3 by White.} Bxf3 {[#]} 10. exf3 $146 ({Predecessor:} 10. Bxf3 Ne5 11. Bxe5 Bxe5 12. d4 Bd6 13. Qd3 Qc7 14. Ne3 Rad8 15. Rfd1 Rfe8 16. Rab1 Qe7 {½-½ (27) Van den Bos,H (2478)-Mercadal Benejam,J (2506) ICCF email 2005}) 10... c5 (10... Qb6 $14) 11. cxd5 $16 {White is better.} Nxd5 12. f4 {Against Be5} N7b6 13. Ne3 (13. Qg4 g6 $11) 13... Rc8 14. f5 Nxe3 15. dxe3 {fxe6 is the strong threat.} exf5 16. Bxb7 Rc7 17. Bg2 Qe7 18. h3 (18. Rc1 $16) 18... f6 (18... Be5 $11 {remains equal.} 19. Bxe5 Qxe5) 19. Qd3 $40 {[%mdl 128] White has strong attack.} g6 20. Rfd1 Rd8 21. Qb5 (21. a4 $16) 21... Kg7 (21... Be5 $14 22. Rxd8+ Qxd8 23. Bxe5 fxe5) 22. a4 ({White should play} 22. Rac1 $16) 22... c4 {[#]} 23. a5 $1 Nd7 24. Qxc4 Ne5 $2 (24... Rxc4 $19 25. bxc4 Nc5) 25. Qc2 $2 {[%mdl 8192] White is more active.} Bb4 $2 (25... Rxc2 $19 26. Bd4 Bc5) 26. a6 $2 Qc5 $4 (26... Rxc2 $19 27. Bd4 Bc3) 27. Qe2 Rxd1+ 28. Qxd1 (28. Rxd1 $18 {Threatens to win with Rc1.} Qa5 29. Bd4) 28... Qb6 29. Bb7 {This bishop pair is nice.} ({Better is} 29. Qd5 $18) 29... Bc5 30. Kg2 Qb4 (30... Rd7 $16 31. Qc2 Qd6) 31. Qd8 Bb6 (31... Rxb7 $16 32. axb7 Qxb7+ 33. Kg1 Be7) 32. Qe8 $2 (32. Bd5 Qf8 33. Qxf8+ Kxf8 $16) (32. Ba3 $18 Rc2 33. Qe8 (33. Bxb4 Bxd8 34. Rd1 Bc7 $18) 33... Rxf2+ 34. Kxf2 Qd2+ 35. Kf1 Qd3+ 36. Kg2) 32... Qd6 (32... Rxb7 $1 $11 33. axb7 Qe4+ 34. Kf1 Qh1+ 35. Ke2 Qf3+ 36. Ke1 Bxe3 37. Qe7+ (37. fxe3 Qxe3+ 38. Kd1 Qd3+ 39. Ke1 Qe3+ 40. Kf1 Qf3+ 41. Kg1 Qe3+ 42. Kf1 Qf3+ 43. Kg1 Qe3+ 44. Kf1 $11) 37... Kh6 38. fxe3 Qxe3+ 39. Kf1 Qf3+ 40. Kg1 Qxg3+ 41. Kh1 (41. Kf1 Qxh3+ 42. Ke2 Qg2+ 43. Kd1 Qf1+ 44. Kd2 Qd3+ 45. Ke1 Qe3+ 46. Kd1 Qxb3+ 47. Kc1 Qc4+ 48. Kd2 Qd5+ 49. Ke1 Qe4+ 50. Kd2 Nf3+ 51. Kc3 Qxe7 $11) 41... Qxh3+ 42. Kg1 Qg3+ 43. Kh1 Qh3+ 44. Kg1 Qg3+ 45. Kh1 Qh3+) 33. h4 $2 ({White must play} 33. Ba3 $18 Bc5 34. Bxc5 Qxc5 35. Rd1) 33... h6 $2 (33... Rc2 $11 {and Black is okay.} 34. Ba3 Bc5 35. Bxc5 Qxc5) 34. h5 gxh5 (34... Qd7 $142 35. Qxd7+ Rxd7) 35. Qxh5 $18 Qe6 36. Qd1 ({Less strong is} 36. Rh1 Ng4 37. Rc1 (37. Bf3 Bxe3 38. Bxg4 fxg4 $11) 37... Rd7 $14) (36. Rd1 $18 {is more deadly.}) 36... Nc6 $2 (36... Rd7 $16 37. Qc2 Rc7) 37. Bxc6 (37. Rc1 $18) 37... Qxc6+ $16 {White is clearly better.} 38. Qf3 {aiming for Rc1.} Qe6 39. b4 {Black must now prevent Rd1.} Kg6 {Weighted Error Value: White=1.05/Black=1.19} (39... Qb3 $16 {was called for.}) 1-0

[Event "Leca Open 2022"]
[Site "Leca da Palmeira"]
[Date "2022.08.04"]
[Round "7.5"]
[White "Balaji, Aaravamudhan"]
[Black "Das, Sayantan"]
[Result "1-0"]
[ECO "E73"]
[WhiteElo "2228"]
[BlackElo "2449"]
[Annotator "TA"]
[PlyCount "140"]
[EventDate "2022.08.02"]
[EventType "swiss"]
[EventCountry "POR"]
[SourceTitle "playchess.com"]
[Source "ChessBase"]
[SourceQuality "1"]
[TimeControl "5400+30"]

1. d4 Nf6 2. c4 g6 3. Nc3 Bg7 4. e4 d6 5. Be2 O-O 6. Be3 Nbd7 7. h4 c5 {[%emt 0:08:00] E73: King's Indian: Averbakh Variation without 6...c5.} 8. h5 Qa5 9. Kf1 cxd4 {[%emt 0:08:53] White is slightly better.} 10. Bxd4 {[%emt 0:00:03] [#]} Nc5 $146 ({Predecessor:} 10... Ne5 11. Nh3 Be6 12. Nd5 Bxd5 13. exd5 Ne4 14. Qc2 Nf6 15. Ng5 h6 16. Nh3 Rac8 17. Bxe5 dxe5 18. hxg6 Nxd5 {0-1 (32) Bayarmandakh,B (2032)-Mungunkhuu,M Ulaanbaatar 2002}) 11. Nd5 (11. Qc2 $14 {keeps the upper hand.}) 11... Qd8 (11... Nxd5 $17 12. Bxg7 Nxe4 13. cxd5 (13. Bxf8 $2 Nd2+ 14. Qxd2 Qxd2 $19) 13... Kxg7 14. Qd4+ Nf6 15. hxg6 fxg6) 12. h6 Bh8 13. e5 (13. Nxf6+ $11 Bxf6 14. Bxf6 exf6 15. f3) 13... Nxd5 $15 14. exd6 Qxd6 {[%emt 0:01:50] [#] aiming for ...Nf6.} 15. Bxh8 Ne3+ 16. fxe3 {[%emt 0:00:07] Strongly threatening Qxd6.} Qxd1+ 17. Rxd1 {[%emt 0:00:18] And now Bg7 would win.} Kxh8 18. Rh4 Na4 19. Rd2 Bf5 20. Rhd4 Rac8 21. g4 Be6 22. Nh3 Nb6 {[%emt 0:03:22] White leaves nothing to chance now.} (22... a5 $14) 23. b3 $18 f6 {[%emt 0:00:26] [#]} (23... Na8 $142 24. Nf4 Nc7) 24. Re4 $1 Rc6 25. Nf4 Bc8 26. Rxe7 g5 27. Nh3 Re6 28. Rxe6 Bxe6 29. Rd6 Re8 30. Bf3 Nc8 31. Rd4 b6 $2 (31... Ne7 32. Bxb7 Ng8) 32. Bc6 Rf8 33. Bd7 Bf7 34. Bxc8 Rxc8 {[%emt 0:00:02][%mdl 4096] Endgame KRB-KRN} 35. Nf2 Bg6 36. Rd7 Ra8 37. e4 Kg8 38. Ke2 Kf8 39. Ke3 Bf7 40. Rb7 Bg6 41. a4 Kg8 42. Nd1 Re8 43. Nc3 f5 44. gxf5 Bxf5 45. Rg7+ Kf8 46. Rxg5 Bg6 47. Kd4 Re6 48. Re5 Rf6 49. a5 Bf7 50. axb6 axb6 51. Rb5 ({Less strong is} 51. Rf5 Rxh6 52. b4 Re6 $18) 51... Rd6+ 52. Ke3 Be8 53. Rf5+ Bf7 54. Rb5 Be8 $1 55. Rb4 ({Don't do} 55. Rf5+ Bf7 56. Na4 Rxh6 $18) 55... Re6 56. Nd5 Bg6 57. Rxb6 Rxe4+ 58. Kf3 Rh4 59. Nf4 Rxh6 {[%emt 0:02:04] Threatens to win with ...Bh5+.} 60. Nxg6+ hxg6 {[%emt 0:00:02] KR-KR} 61. c5 Ke7 62. Ke4 Kd7 63. Kd5 Rh5+ 64. Kc4 g5 65. Rg6 {[%emt 0:01:11] White threatens b4 and mate.} Rh4+ 66. Kb5 {[%emt 0:00:19] White mates.} g4 67. c6+ Kc7 68. Rg7+ Kd6 69. c7 Rh8 70. Kb6 Kd5 {Weighted Error Value: White=0.21 (precise) /Black=0.37} 1-0

[Event "Leca Open 2022"]
[Site "Leca da Palmeira"]
[Date "2022.08.03"]
[Round "7.6"]
[White "Stella, Andrea"]
[Black "Sismeiro, Miguel"]
[Result "1-0"]
[ECO "D71"]
[WhiteElo "2443"]
[BlackElo "2162"]
[Annotator "TA"]
[PlyCount "115"]
[EventDate "2022.08.02"]
[EventType "swiss"]
[EventCountry "POR"]
[SourceTitle "playchess.com"]
[Source "ChessBase"]
[SourceQuality "1"]
[TimeControl "5400+30"]

1. d4 Nf6 2. c4 g6 3. g3 c6 4. Bg2 d5 5. Qa4 Nfd7 6. cxd5 {D71: Fianchetto Grünfeld: 3 g3 d5 sidelines and 5 cxd5 (without Nf3).} Nb6 7. Qd1 cxd5 8. Nc3 {The position is equal.} Bg7 9. e3 O-O {[#]} 10. h3 $146 ({Predecessor:} 10. Nge2 Nc6 11. O-O e6 12. b3 a5 13. a4 Re8 14. Ba3 Bf8 15. Bxf8 Rxf8 16. Nf4 {1-0 (44) Piorun,K (2643)-Ivic,V (2525) Batumi 2019}) 10... Nc6 11. Nge2 e6 12. O-O Nc4 13. b3 Nd6 14. a4 b6 15. Ba3 Re8 16. Rc1 Ba6 {[#]} 17. Nxd5 $1 Bxe2 18. Qxe2 Nxd4 {[#]} 19. Ne7+ $1 Qxe7 20. exd4 Rad8 21. Rfd1 {White is more active.} Qg5 22. h4 Qf6 23. Bc6 {This bishop pair is nice.} Re7 $1 24. Qe5 Qf5 25. Qxf5 (25. Qxd6 {is interesting.} Rxd6 26. Bxd6 Bf6 27. Bxe7 Bxe7 28. Kg2) 25... exf5 26. d5 f4 27. g4 h5 28. gxh5 gxh5 29. Kg2 Re2 30. Bxd6 (30. Kf3 {is more complex.} Ra2 31. Bxd6 Rxd6 32. Bb5) 30... Rxd6 31. Bb5 Rb2 32. Rc8+ Kh7 33. Rc6 Bf8 34. Rd3 (34. Bd3+ $14 Kh6 35. Bc4) 34... Kg7 $11 35. Kf3 Kf6 (35... Be7 $11) 36. Rc4 (36. Bc4 $1 $16) 36... Bh6 (36... Kg6 $11 {remains equal.}) 37. Rc7 $16 {Threatens to win with Be8.} Bf8 38. Rxa7 ({Better is} 38. Bc4 $16) 38... Rd8 $11 39. Rc7 $36 {[%mdl 2048] White is pushing.} Bc5 {[#]} (39... Bd6 $11 40. Rc6 Ke5) 40. Rxc5 $1 $16 bxc5 {[%mdl 4096] Endgame KRR-KRB} 41. d6 Rb8 (41... Ke5 $16 {keeps fighting.}) 42. d7 $18 {[%mdl 1024] White has strong compensation.} Ke7 43. Rc3 Kd6 {[#]} 44. a5 $1 Rd2 {[#]} (44... Rd8 45. Rd3+) 45. a6 $1 {b4 is the strong threat.} Rd4 46. Ba4 Ra8 47. Rc1 Rxa4 $2 {[%mdl 8192] This costs Black the game.} 48. bxa4 {White is clearly winning.} Kxd7 49. Rxc5 Rxa6 $16 {KR-KR} 50. a5 Rd6 51. Rxh5 Rd3+ 52. Kxf4 Ra3 53. Rb5 Ke7 (53... Ra4+ $142 54. Kg3 Ke7) 54. h5 $18 {Strongly threatening h6.} Kf8 55. Ke4 Kg7 56. f4 Kh6 57. Rf5 Ra4+ 58. Kd3 {Weighted Error Value: White=0.11 (very precise) /Black=0.31} 1-0

[Event "Leca Open 2022"]
[Site "Leca da Palmeira"]
[Date "2022.08.03"]
[Round "7.8"]
[White "Martins, Bruno Andre Leite"]
[Black "Pandey Srishti"]
[Result "1-0"]
[ECO "D00"]
[WhiteElo "2331"]
[BlackElo "2101"]
[Annotator "TA"]
[PlyCount "81"]
[EventDate "2022.08.02"]
[EventType "swiss"]
[EventCountry "POR"]
[SourceTitle "playchess.com"]
[Source "ChessBase"]
[SourceQuality "1"]
[TimeControl "5400+30"]

1. d4 d5 2. Bf4 Nf6 3. e3 c5 4. c3 Nc6 5. Nd2 Bf5 6. Qb3 {D00: 1 d4 d5: Unusual lines.} Qc8 7. Ngf3 e6 8. Nh4 {The position is equal.} Be4 9. f3 Bg6 10. g4 Qd7 {[#]} 11. Bg3 $146 ({Predecessor:} 11. Nxg6 hxg6 12. Qa4 Rc8 13. dxc5 Bxc5 14. O-O-O Qe7 15. Nb3 Bd6 16. Kb1 Bxf4 17. Qxf4 {½-½ (47) Hess,M (2340)-Vogel,R (2437) Gera 2018}) 11... Bd6 12. Be2 O-O 13. g5 Ne8 14. Bxd6 c4 (14... Nxd6 15. dxc5 Nc8 16. Nxg6 hxg6 17. h4) 15. Qd1 Nxd6 16. Nxg6 fxg6 17. f4 {Against e5} Nf5 18. Nf1 b5 19. Qd2 a5 20. Ng3 b4 21. O-O Rfb8 22. e4 Nxg3 23. hxg3 a4 24. Bg4 {Strongly threatening exd5.} Qd6 25. Rae1 $1 {exd5 is the strong threat.} a3 26. exd5 exd5 27. Re6 Qc7 28. Qg2 Rd8 29. Rfe1 (29. Re2 $14 Ne7 30. Be6+ (30. cxb4 Nf5 $11) 30... Kh8 31. Qh2 (31. cxb4 Qa7 $14)) 29... axb2 $11 30. Qxb2 bxc3 31. Qxc3 Qb6 32. Qe3 {aiming for Bf3.} Rac8 33. Rd1 {Threatening f5.} Qb7 (33... Qa7 $11 {keeps the balance.}) 34. Bf3 ({Better is} 34. f5 $1 $16 ) 34... Kf8 35. Re1 Qd7 {[#]} (35... Qa7 $11 36. Bxd5 Nb4) 36. Bg4 $1 $36 {[%cal Oe6f6][%mdl 2048] And now Rf6+! would win. Keeping Black busy.} Qa7 37. Rd1 {White is more active.} (37. Kh1 $16) 37... Re8 $2 {[%mdl 8192] [#]} (37... Kg8 $11 {and Black has nothing to worry.}) 38. f5 $1 Rxe6 (38... gxf5 $2 39. Bxf5 Re7 40. Bxh7 $18) (38... Qb8 39. Qf3 Kg8) 39. Qxe6 ({Weaker is} 39. fxe6 Rd8 $11) 39... Qc7 40. fxg6 Qxg3+ 41. Kh1 {Weighted Error Value: White=0.11 (very precise) /Black=0.58} 1-0

[Event "Leca Open 2022"]
[Site "Leca da Palmeira"]
[Date "2022.08.03"]
[Round "7.9"]
[White "Panesar Vedant"]
[Black "Goncalves, Samuel Jesus P"]
[Result "1-0"]
[ECO "A08"]
[WhiteElo "2318"]
[BlackElo "1957"]
[Annotator "TA"]
[PlyCount "39"]
[EventDate "2022.08.02"]
[EventType "swiss"]
[EventCountry "POR"]
[SourceTitle "playchess.com"]
[Source "ChessBase"]
[SourceQuality "1"]
[TimeControl "5400+30"]

1. Nf3 d5 2. g3 c5 3. Bg2 Nf6 4. O-O g6 5. d4 cxd4 6. Nxd4 {[%emt 0:00:53][%cal Oc2c4,Bf3d4,Bd4b3,Bb3c5][%mdl 32] A08: King's Indian Attack.} Bg7 7. c4 {[%emt 0:00:37] 7.Nb3 is the hot move.} e5 8. Nb3 {[%emt 0:02:51][%cal Rc4d5] White is slightly better.} d4 $1 9. e3 $1 {[%emt 0:01:22][%cal Re3d4] [#]} dxe3 $146 (9... O-O $14) ({Predecessor:} 9... d3 10. Nc5 Nc6 11. Nc3 O-O 12. Qxd3 Qe7 13. N5e4 Nxe4 14. Bxe4 f5 15. Bd5+ Kh8 {½-½ (38) Kuporosov,V (2510)-Vlassov,N (2425) St Petersburg 1994}) 10. Qxd8+ $18 ({Don't take} 10. Bxe3 $6 O-O $16) (10. fxe3 Qxd1 11. Rxd1 Nc6 $11) 10... Kxd8 11. Bxe3 Nc6 12. Nc3 Bg4 13. Nc5 Kc8 14. b4 Nd7 $2 {[%emt 0:03:51] [#]} (14... e4 15. Rab1 (15. N3xe4 Nxe4 16. Bxe4 Bxa1 $16) 15... Rd8 16. N3xe4 (16. N5xe4 Nxe4 17. Nxe4 Be2 $18) 16... Nxe4) 15. Nxb7 $1 Kxb7 16. b5 {[%emt 0:00:02][%mdl 64] Pin} e4 17. bxc6+ Ka6 $2 {[%emt 0:00:06] [#]} (17... Kxc6 18. Bxe4+ Kd6 19. Bxa8 Bxc3) 18. Nxe4 $1 Bxa1 19. cxd7 Be5 20. Nc5+ {[%emt 0:00:42] White took control after the opening.  Weighted Error Value: White=0.00 (flawless) /Black=0.82} (20. Rb1 $142 Bd6 21. Nxd6 Rhb8 22. Bb7+ Rxb7 23. Nxb7 Rb8 24. Nc5+ Ka5 25. Rxb8 h5 26. d8=Q#) 1-0